 Dungeon Crawl Stone Soup version 0.28.0-43-g3370ac3207 (webtiles) character file.

Game seed: 17565448543332698405

14349 sizableburger the Quickloader (level 12, -12/126 HPs)
             Began as a Djinni Arcane Marksman on Mar 19, 2022.
             Was a High Priest of Zin.
             Killed by an exploding Nergalle (14 damage)
             ... ignited by their inner flame
             ... on level 1 of the Lair of Beasts on Mar 20, 2022.
             The game lasted 00:46:02 (14505 turns).

sizableburger the Quickloader (DjAM)               Turns: 14505, Time: 00:46:03

Health: -12/126    AC:  6    Str: 14    XL:     12   Next: 44%
Gold:   335        EV: 17    Int: 29    God:    Zin [*****.] SH:  0 Dex: 20

rFire   + + .      SeeInvis .   h - +10 dagger of Change {vorpal, *Corrode rC+ Will++ Dex+4}
rCold   . . .      Faith    .   (no shield)
rNeg    . . .      Spirit   .   f - +1 robe of Xekhef {Str+4 Int+3 Stlth- Archmagi}
rPois   ∞          Reflect  .   z - +0 helmet
rElec   .          Harm     .   l - +0 cloak
rCorr   .          Rampage  .   b - +0 pair of gloves
Will    +++..      Archmagi +   (boots unavailable)
Stlth   ..........              y - amulet of regeneration
HPRegen 1.11/turn               g - +6 ring of intelligence
MPRegen 0.00/turn               (no ring)

@: berserking, vitalised, attractive, flying, very quick
A: sickness immunity, fire resistance 2, cold vulnerability 1, float, innate
caster, HP casting, extra vitality 1
a: Renounce Religion, Recite, Vitalisation, Imprison, Sanctuary, Donate Gold


You were on level 1 of the Lair of Beasts.
You worshipped Zin.
Zin was extremely pleased with you.
You visited 3 branches of the dungeon, and saw 12 of its levels.

You collected 738 gold pieces.
You spent 330 gold pieces at shops.
You donated 73 gold pieces to Zin.

Inventory:

Hand Weapons
 a - a +0 hand crossbow
 h - the +10 dagger of Change (weapon) {vorpal, *Corrode rC+ Will++ Dex+4}
   (You found it on level 2 of the Dungeon)

   It inflicts extra damage upon your enemies.
   Dex:       It affects your dexterity (+4).
   rC:        It protects you from cold.
   *Corrode:  It may corrode you when you take damage.
   Will:      It greatly increases your willpower.
 C - a +0 arbalest
 D - a +4 dagger of venom
Missiles
 c - 79 bolts
 d - 2 curare-tipped darts
 e - a throwing net (quivered)
 B - 3 silver javelins
Armour
 b - a +0 pair of gloves (worn)
 f - the +1 robe of Xekhef (worn) {Str+4 Int+3 Stlth- Archmagi}
   (You found it on level 7 of the Dungeon)

   Str:       It affects your strength (+4).
   Int:       It affects your intelligence (+3).
   Archmagi:  It increases the power of your magical spells.
   Stlth:     It makes you less stealthy.
 l - a +0 cloak (worn)
 z - a +0 helmet (worn)
Jewellery
 g - a +6 ring of intelligence (left hand)
 p - a ring of fire
 y - an amulet of regeneration (around neck)
Wands
 i - a wand of mindburst (20)
 o - a wand of paralysis (10)
 q - a wand of iceblast (10)
 s - a wand of digging (18)
 v - a wand of flame (8)
Potions
 m - a potion of mutation
 n - 2 potions of ambrosia
 x - a potion of magic {unknown}


   Skills:
 + Level 6.4 Fighting
 - Level 7.0 Short Blades
 + Level 9.9 Crossbows
 + Level 8.1 Dodging
 - Level 3.0 Stealth
 - Level 6.0 Spellcasting
 + Level 5.3 Invocations


You couldn't memorise any spells.
You knew the following spells:

 Your Spells              Type           Power      Damage    Failure   Level
a - Slow                  Hex            100%       N/A       1%          1
b - Inner Flame           Hex/Fire       60%        N/A       1%          3
c - Portal Projectile     Hex/Tloc       100%       N/A       1%          3
d - Cause Fear            Hex            30%        N/A       4%          4
e - Animate Skeleton      Necr           100%       N/A       1%          1
f - Poisonous Vapours     Pois/Air       100%       N/A       1%          2
g - Tukima's Dance        Hex            60%        N/A       1%          3
h - Confusing Touch       Hex            60%        N/A       1%          3
i - Alistair's Intoxicat  Tmut/Pois      40%        N/A       13%         5
Your spell library was empty.

Dungeon Overview and Level Annotations

Branches:
Dungeon (10/15)            Temple (1/1) D:6            Lair (1/6) D:8
    Orc (0/2) D:10

Altars:
Ashenzari
Cheibriados
Dithmenos
Elyvilon
Fedhas
Gozag
Hepliaklqana
Kikubaaqudgha
Makhleb
Nemelex Xobeh
Okawaru
Qazlal
Ru
Sif Muna
Trog
Uskayaw
Vehumet
Wu Jian
Xom
Yredelemnul
Zin
The Shining One

Shops:
D:8 =

Annotations:
D:3 3 runed translucent doors, experimilk's ghost, weakling PaWr


Innate Abilities, Weirdness & Mutations

You are immune to sickness and miasma.
You are immune to poison.
Your flesh is very heat resistant. (rF++)
You are vulnerable to cold. (rC-)
You float through the air rather than walking.
You learn spells naturally, not from books.
Your magical power is your life essence.
You have superior vitality. (+4 MHP)


Message History

* * * LOW HITPOINT WARNING * * *
The spectral orc warrior barely misses you.
You puncture Nergalle!
Flame seeps out of Nergalle. x2
Nergalle is severely wounded.
Unknown command.
You puncture Nergalle!
Flame seeps out of Nergalle. x2
Nergalle is severely wounded.
The spectral orc warrior completely misses you.
Unknown command.
You hit Nergalle.
Flame seeps out of Nergalle. x2
Nergalle is almost dead.
The spectral orc barely misses you.
The spectral orc warrior completely misses you.
The spectral orc warrior hits you with a +0 dire flail!
* * * LOW HITPOINT WARNING * * *
Nergalle barely misses you.
You barely miss Nergalle.
Nergalle is almost dead.
Unknown command.
You completely miss Nergalle.
Nergalle is almost dead.
You are ready to recite again.
The spectral orc warrior barely misses you.
The spectral orc hits you but does no damage.
The spectral orc warrior hits you with a +0 mace!
* * * LOW HITPOINT WARNING * * *
The spectral orc warrior hits you with a +0 dire flail.
* * * LOW HITPOINT WARNING * * *
Nergalle hits you with a +0 dagger.
* * * LOW HITPOINT WARNING * * *
You closely miss Nergalle.
Nergalle is almost dead.
You puncture Nergalle!
The spectral orc warrior disappears in a puff of smoke!
The spectral orc disappears in a puff of smoke!
The spectral orc warrior disappears in a puff of smoke! x2
The spectral orc disappears in a puff of smoke!
Nergalle explodes!
The fiery explosion engulfs you! You resist.
You die...

...............D...............
...........................
......................).....
............................
............................
............................
................§...........
................§§§§........
..............§§@§§§.o......
.:............§§§§§§..(.(...
...............§§.§......(..
##P#####..##.######P.####P## ##
####### ####


There were no monsters in sight!

Vanquished Creatures
  Snorg (D:10)
  A hydra (Lair:1)
  Nergalle (Lair:1)
  2 black mambas (Lair:1)
  Maggie (D:9)
  A cane toad (D:8)
  2 kobold demonologists (D:6)
  2 rime drakes (Lair:1)
  2 komodo dragons
  5 blink frogs
  A dancing weapon (D:9)
  5 wyverns
  12 yaks (Lair:1)
  A steam dragon (D:8)
  Menkaure (D:6)
  2 water moccasins
  A sky beast (D:6)
  An orc warrior (D:9)
  An ogre (D:5)
  2 necrophages (D:5)
  6 centaurs
  A phantom (D:6)
  4 wolves (Lair:1)
  3 kobold brigands
  9 bullfrogs
  4 scorpions
  A wyvern skeleton (D:6)
  4 killer bees (D:8)
  8 wights
  A jelly (D:7)
  4 centaur zombies
  A howler monkey (D:7)
  A hound (D:4)
  Crazy Yiuf (D:2)
  14 orc priests
  2 bullfrog skeletons
  2 centaur skeletons
  3 iguanas
  9 orc wizards
  A scorpion zombie (D:5)
  A killer bee zombie (D:8)
  A mummy (D:6)
  15 adders
  3 shadow imps (D:6)
  3 white imps
  2 ufetubi (D:5)
  A dart slug (D:2)
  58 orcs
  8 bats
  8 endoplasms
  21 kobolds
  2 quokkas
  7 ball pythons
  4 frilled lizards
  5 goblins
  A goblin skeleton (D:6)
  2 goblin zombies (D:6)
  4 hobgoblin zombies (D:6)
  A kobold zombie (D:6)
  An orc skeleton (D:6)
  3 orc zombies (D:6)
  4 rats
279 creatures vanquished.

Vanquished Creatures (collateral kills)
  Harold (D:7)
  2 two-headed ogres (D:9)
  Joseph (D:9)
  An orc warrior (D:9)
  An orc (D:9)
6 creatures vanquished.

Vanquished Creatures (others)
  A dancing weapon (D:10)
  2 orcs (D:10)
  A butterfly (D:4)
  2 fungi (Lair:1)
  15 plants (Lair:1)
21 creatures vanquished.

Grand Total: 306 creatures vanquished

Notes
Turn   | Place    | Note
-------+----------+-------------------------------------------
     0 | D:1      | sizableburger the Djinni Arcane Marksman began the quest
                  | for the Orb.
     0 | D:1      | Reached XP level 1. HP: 17/17 MP: 0/0
   200 | D:1      | Found a faded altar of an unknown god.
   251 | D:1      | Reached XP level 2. HP: 21/22 MP: 0/0
   260 | D:1      | Reached skill level 2 in Crossbows
   913 | D:2      | Reached XP level 3. HP: 27/27 MP: 0/0
   913 | D:2      | Learned a level 1 spell: Animate Skeleton
  1182 | D:2      | Identified the +10 dagger of Change {vorpal, *Corrode rC+
                  | Will++ Dex+4}
  1411 | D:2      | Reached skill level 3 in Crossbows
  1411 | D:2      | Reached XP level 4. HP: 32/32 MP: 0/0
  1417 | D:2      | Reached skill level 1 in Short Blades
  1452 | D:2      | Found a runed translucent door.
  1453 | D:2      | Noticed Crazy Yiuf
  1701 | D:2      | Killed Crazy Yiuf
  1702 | D:2      | Reached XP level 5. HP: 29/37 MP: 0/0
  1702 | D:2      | Learned a level 2 spell: Poisonous Vapours
  2086 | D:3      | Found a runed translucent gate.
  2127 | D:3      | Found a runed translucent gate.
  2128 | D:3      | Found a runed translucent gate.
  2144 | D:3      | Noticed experimilk's ghost (weakling PaWr)
  2229 | D:3      | Reached XP level 6. HP: 34/42 MP: 0/0
  2235 | D:3      | Reached skill level 4 in Crossbows
  3752 | D:4      | Reached XP level 7. HP: 47/47 MP: 0/0
  3752 | D:4      | Learned a level 3 spell: Tukima's Dance
  3890 | D:4      | Found a white marble altar of Elyvilon.
  4611 | D:5      | Entered Level 5 of the Dungeon
  4856 | D:5      | Reached skill level 5 in Crossbows
  4931 | D:5      | Found an ornate altar of the Wu Jian Council.
  4946 | D:5      | Reached XP level 8. HP: 48/52 MP: 0/0
  5031 | D:5      | Found a snail-covered altar of Cheibriados.
  5031 | D:5      | You are sucked into a shaft and drop 2 floors!
  5234 | D:7      | Identified the +2 robe of Dowdy Liberty {+Blink rPois rN++
                  | Dex-5}
  5238 | D:7      | Identified the +0 ring mail of the Turtledove {Harm}
  5239 | D:7      | Noticed a wyvern
  5246 | D:7      | Identified the +1 robe of Xekhef {Str+4 Int+3 Stlth-
                  | Archmagi}
  5328 | D:7      | Killed a wyvern
  5418 | D:6      | Reached skill level 5 in Dodging
  6216 | D:5      | Found an opulent altar of Gozag.
  6248 | D:5      | Found a shimmering altar of Xom.
  6436 | D:5      | Found a glowing silver altar of Zin.
  6441 | D:5      | Became a worshipper of Zin the Law-Giver
  6441 | D:5      | Reached * piety under Zin
  6569 | D:6      | Found a staircase to the Ecumenical Temple.
  6584 | D:6      | Reached skill level 6 in Crossbows
  6584 | D:6      | Reached XP level 9. HP: 56/57 MP: 0/0
  6584 | D:6      | Learned a level 3 spell: Confusing Touch
  6595 | Temple   | Entered the Ecumenical Temple
  6698 | D:6      | Noticed Menkaure
  6989 | D:6      | Killed Menkaure
  7060 | D:6      | Found a transporter.
  7065 | D:6      | Noticed a kobold demonologist
  7090 | D:6      | Found a transporter.
  7134 | D:6      | Found a glowing golden altar of the Shining One.
  7146 | D:6      | Reached ** piety under Zin
  7159 | D:6      | Noticed a kobold demonologist
  7248 | D:6      | Reached skill level 5 in Spellcasting
  7248 | D:6      | Found a shadowy altar of Dithmenos.
  7450 | D:6      | Found a sparkling altar of Nemelex Xobeh.
  7641 | D:7      | Reached skill level 1 in Invocations
  7686 | D:7      | Noticed Harold
  7700 | D:7      | Killed Harold
  7976 | D:7      | Reached skill level 7 in Crossbows
  8519 | D:6      | Killed a kobold demonologist
  8520 | D:6      | Reached XP level 10. HP: 26/65 MP: 0/0
  8909 | D:6      | Killed a kobold demonologist
  8910 | D:6      | Reached skill level 5 in Short Blades
  9165 | D:7      | Reached *** piety under Zin
  9452 | D:8      | Found a stormy altar of Qazlal.
  9867 | D:8      | Found a staircase to the Lair.
  9960 | D:8      | Reached skill level 1 in Stealth
 10156 | D:8      | Found Vappuen's Jewellery Shoppe.
 10164 | D:8      | Bought an amulet of regeneration for 330 gold pieces
 10183 | D:8      | Found a bloodstained altar of Trog.
 10386 | D:9      | Noticed a two-headed ogre
 10869 | D:9      | Reached skill level 8 in Crossbows
 10941 | D:9      | Killed a two-headed ogre
 11031 | D:9      | Noticed Maggie
 11043 | D:9      | Killed Maggie
 11044 | D:9      | Reached XP level 11. HP: 72/73 MP: 0/0
 11044 | D:9      | Learned a level 5 spell: Alistair's Intoxication
 11184 | D:9      | Reached **** piety under Zin
 11480 | D:10     | Entered Level 10 of the Dungeon
 11480 | D:10     | Noticed a two-headed ogre
 11561 | D:9      | Killed a two-headed ogre
 11678 | D:10     | Noticed Joseph
 12036 | D:9      | Killed Joseph
 12414 | D:10     | Found a staircase to the Orcish Mines.
 12476 | D:10     | Reached ***** piety under Zin
 12551 | D:10     | Reached skill level 9 in Crossbows
 12661 | D:10     | Noticed Snorg
 12689 | D:10     | Killed Snorg
 13090 | Lair:1   | Entered Level 1 of the Lair of Beasts
 13309 | Lair:1   | Reached skill level 5 in Fighting
 13517 | Lair:1   | Reached XP level 12. HP: 81/81 MP: 0/0
 13836 | Lair:1   | Noticed an eight-headed hydra
 14022 | Lair:1   | Killed an eight-headed hydra
 14023 | Lair:1   | Reached skill level 5 in Invocations
 14475 | Lair:1   | Noticed Nergalle
 14503 | Lair:1   | HP: 5/126 [spectral orc warrior/+0 dire flail[Nergalle]
                  | (6)]
 14503 | Lair:1   | HP: 1/126 [Nergalle/+0 dagger (4)]
 14505 | Lair:1   | Killed Nergalle
 14505 | Lair:1   | Killed by an exploding Nergalle... ignited by their inner
                  | flame

Illustrated notes

Levels and vault maps discovered:
D:1:      beargit_arrival_greenhouse, layout_basic,
          chequers_ecumenical_altar_grove
D:2:      layout_basic, uniq_crazy_yiuf_cottage
D:3:      layout_rooms, nicolae_vehumet_altar_sigil, gammafunk_ghost_split,
          minmay_misc_feat_roman
D:4:      layout_layer_cave, nicolae_elyvilon_peaceful_grove
D:5:      layout_basic, pdpol_temple_overflow_zin_treasury_gozag_greed,
          kennysheep_little_box, lemuel_crystal_altar, cheibriados_altar_1
D:6:      gammafunk_wand_slinger, layout_loops_ring,
          mainiacjoe_overflow_alcove_4, grunt_dithmenos_smoke_and_mirrors,
          nicolae_tso_besieged_by_evil, minmay_temple_entry_drinking_statues,
          portal_sewer_entry_a, minmay_mini_ossuary, uniq_menkaure
D:7:      layout_gridville, minmay_misc_feat_four_crosses, grunt_ministairs_14,
          uniq_harold
D:8:      layout_basic, nicolae_qazlal_general_emergency, bloody_trog,
          lair_entry_dummy, serial_shops,
          nicolae_shop_temple_entry_statues_fountains
D:9:      layout_roguey, minmay_misc_feat_enclosed, uniq_maggie
D:10:     layout_big_octagon, hiddenorc2_lemuel, uniq_snorg, uniq_joseph
Temple:   eino_wide_crystal_templ
Lair:1:   layout_gridlike, wad_woods_river_01, uniq_nergalle

Skill      XL: |  1  2  3  4  5  6  7  8  9 10 11 12 |
---------------+-------------------------------------+-----
Crossbows      | 2 3 4 5 6 7 8 9 |  9.9
Short Blades   | 1 2 4 6 7 |  7.0
Dodging        | 3 4 5 7 8 |  8.1
Spellcasting   | 3 4 5 6 |  6.0
Invocations    | 3 4 5 |  5.3
Fighting       | 2 4 5 6 |  6.4
Stealth        | 2 3 |  3.0

Action                   |  1- 3 |  4- 6 |  7- 9 | 10-12 || total
-------------------------+-------+-------+-------+-------++-------
Melee: Dagger            |       |    52 |   217 |   439 ||   708
       Punch             |       |     1 |     3 |    11 ||    15
       Hand crossbow     |       |       |     1 |       ||     1
 Fire: Hand crossbow     |    58 |    52 |    35 |    58 ||   203
       Arbalest          |       |       |       |     4 ||     4
 Cast: Inner Flame       |       |     5 |     5 |    14 ||    24
       Poisonous Vapours |       |       |     8 |    19 ||    27
       Confusing Touch   |       |       |     3 |    38 ||    41
       Slow              |       |       |     3 |     8 ||    11
       Tukima's Dance    |       |       |     2 |    18 ||    20
       Cause Fear        |       |       |       |    10 ||    10
       Alistair's Intoxi |       |       |       |     2 ||     2
       Portal Projectile |       |       |       |     2 ||     2
Invok: Vitalisation      |       |       |     1 |     2 ||     3
       Recite            |       |       |       |     7 ||     7
       Imprison          |       |       |       |     1 ||     1
  Use: Scroll            |       |     5 |     5 |     9 ||    19
       Potion            |       |       |     5 |     7 ||    12
 Stab: Sleeping          |       |     1 |       |       ||     1
       Confused          |       |       |     2 |    28 ||    30
       Invisible         |       |       |       |     2 ||     2
Armor: Robe              |     5 |     9 |    43 |    88 ||   145
Dodge: Dodged            |    15 |    62 |   159 |   389 ||   625
